 Dungeon Crawl Stone Soup version 0.32-a0-673-g3729bd50f8 (console) character file.

Game seed: 2353168388036553894

1812888 elliptic the Conqueror (level 27, 273/273 HPs)
             Began as a Coglin Summoner on Mar 10, 2024.
             Was the Champion of Ru.
             Escaped with the Orb
             ... and 3 runes on Mar 11, 2024!
             The game lasted 03:32:34 (57367 turns).

elliptic the Conqueror (Coglin Summoner)           Turns: 57367, Time: 03:32:35

Health: 273/273    AC: 13    Str:  6    XL:     27
Magic:  30/30      EV: 55    Int: 18    God:    Ru [******]
Gold:   3137       SH:  0    Dex: 41    Spells: 23/36 levels left

rFire   + . .        a - +5 scimitar {speed, Will+ Dex+3, norare}
rCold   . . .        b - +8 demon blade {evervamp, Harm ^Drain rN+}
rNeg    + . .        l - +1 robe of Vines {NoPotionHeal Regen++++, nodragon}
rPois   .            x - +2 helmet {Int+3}
rElec   .            c - +2 cloak {Will+}
rCorr   +            t - +0 pair of gloves "Roc Fedgh" {rCorr Dex+7}
SInv    .            q - +2 pair of boots of Dikoecy {rCorr Dex+4}
Will    ++++.        (amulet unavailable) Stlth
                     (ring unavailable)
HPRegen 3.85/turn    (ring unavailable)
MPRegen 0.22/turn    T - experimental hydrogenerator {AutoDazzle, rF+ Will+}

%: harm (+30% outgoing, +20% incoming)
@: no status effects
A: weak 2, no stealth, hated by all, inability to train armour, no air magic, no
hexes magic, no necromancy magic, weak-willed 1, no forms, off-hand wielding,
slow wielding, warmup strikes, no jewellery, robust 1
0: Orb of Zot
}: 3/15 runes: decaying, silver, gossamer
a: Renounce Religion, Draw Out Power, Power Leap, Apocalypse


You escaped.
You worshipped Ru.
Ru was exalted by your worship.
You visited 11 branches of the dungeon, and saw 51 of its levels.
You also visited: Trove, Gauntlet and Ice Cave.

You collected 8707 gold pieces.
You spent 5570 gold pieces at shops.


Innate Abilities, Weirdness & Mutations

You are very weak. (Str -4)
You cannot be stealthy.
You are hated by all.
You cannot train Armour skill.
You cannot study or cast Air magic.
You cannot study or cast Hexes magic.
You cannot study or cast Necromancy magic.
You are slightly weak-willed. (Will-)
You cannot voluntarily change form.
You can wield a second weapon in your off-hand.
It takes a long time for you to wield or remove held weapons.
Your first few attacks do less damage.
You cannot equip rings or amulets.
You are robust. (+10% HP)


   Skills:
 O Level 27 Fighting
 - Level 2.0(13.0) Short Blades
 + Level 21.2(21.3) Long Blades
 O Level 27 Dodging
 - Level 5.0 Spellcasting
 - Level 17.1 Translocations
 - Level 10.0 Evocations


You had 23 spell levels left.
You knew the following spells:

 Your Spells              Type           Power      Damage    Failure   Level
a - Manifold Assault      Tloc           60%        N/A       1%          4
v - Blink                 Tloc           100%       N/A       1%          2
A - Apportation           Tloc           100%       N/A       0%          1
D - Dispersal             Tloc           30%        N/A       1%          6

Your spell library contained the following spells:

 Spells                   Type           Power      Damage    Failure   Level
 Lesser Beckoning         Tloc           100%       N/A       1%          2
 Momentum Strike          Conj/Tloc      70%        3d9       1%          2
 Gell's Gravitas          Tloc           60%        N/A       1%          3
 Teleport Other           Tloc           60%        N/A       1%          3
 Volatile Blastmotes      Fire/Tloc      70%        2d15      1%          3
 Iskenderun's Mystic Bla  Conj/Tloc      35%        2d8       4%          4
 Foxfire                  Conj/Fire      16%        2x1d4     13%         1
 Freeze                   Ice            16%        1d4       13%         1
 Magic Dart               Conj           16%        1d3       13%         1
 Sting                    Conj/Alch      16%        1d4       13%         1
 Searing Ray              Conj           8%         2d4       21%         2
 Frozen Ramparts          Ice            8%         1d2       36%         3
 Hailstorm                Conj/Ice       4%         3d5       36%         3
 Passwall                 Erth           4%         N/A       36%         3
 Stone Arrow              Conj/Erth      8%         3d7       36%         3
 Disjunction              Tloc           30%        N/A       61%         8
 Flame Wave               Conj/Fire      4%         2d5       78%         4
 Fulminant Prism          Conj/Alch      2%         3d5       78%         4
 Ignite Poison            Fire/Alch      4%         N/A       78%         4
 Leda's Liquefaction      Alch/Erth      2%         N/A       78%         4
 Sticky Flame             Fire/Alch      4%         2d4       78%         4
 Fireball                 Conj/Fire      2%         3d4       98%         5
 Iskenderun's Battlesphe  Conj           4%         2d6       98%         5
 Lee's Rapid Deconstruct  Erth           2%         3d4*      98%         5
 Bombard                  Conj/Erth      2%         9d1       100%        6
 Starburst                Conj/Fire      2%         6d3       100%        6
 Orb of Destruction       Conj           2%         9d5       100%        7
 Ignition                 Fire           2%         3d3       100%        8
 Polar Vortex             Ice            2%         N/A       100%        9
 Dimensional Bullseye     Hex/Tloc       Unusable   N/A       N/A         4
 Necrotise                Necr           Unusable   1d4       N/A         1
 Summon Small Mammal      Summ           Unusable   N/A       N/A         1
 Call Imp                 Summ           Unusable   N/A       N/A         2
 Ensorcelled Hibernation  Hex/Ice        Unusable   N/A       N/A         2
 Call Canine Familiar     Summ           Unusable   N/A       N/A         3
 Dazzling Flash           Conj/Hex       Unusable   N/A       N/A         3
 Fugue of the Fallen      Necr           Unusable   N/A       N/A         3
 Summon Ice Beast         Ice/Summ       Unusable   N/A       N/A         3
 Swiftness                Air            Unusable   N/A       N/A         3
 Tukima's Dance           Hex            Unusable   N/A       N/A         3
 Anguish                  Hex/Necr       Unusable   N/A       N/A         4
 Cause Fear               Hex            Unusable   N/A       N/A         4
 Martyr's Knell           Necr/Summ      Unusable   N/A       N/A         4
 Summon Blazeheart Golem  Fire/Summ      Unusable   N/A       N/A         4
 Summon Lightning Spire   Summ/Air       Unusable   N/A       N/A         4
 Sculpt Simulacrum        Ice/Alch       Unusable   N/A       N/A         6
 Spellforged Servitor     Conj/Summ      Unusable   N/A       N/A         7
 Maxwell's Capacitive Co  Air            Unusable   death     N/A         8
 Dragon's Call            Summ           Unusable   N/A       N/A         9

Inventory:

Hand Weapons
 a - the +5 scimitar of Tulaczez (weapon) {speed, Will+ Dex+3, norare}
   (You took it off a fire giant on level 4 of the Depths)

   Dex+3:     It affects your dexterity (+3).
   Will+:     It increases your willpower.
 b - the +8 demon blade "Leech" (offhand) {evervamp, Harm ^Drain rN+}
   (You found it in a treasure trove)

   rN+:       It protects you from negative energy.
   ^Drain:    It drains your maximum health when unequipped.
   Harm:      It increases damage dealt and taken.
 i - the +8 scimitar "Bint" {freeze, rElec rF++}
   (You took it off a vault guard on level 5 of the Vaults)

   rF++:      It greatly protects you from fire.
   rElec:     It insulates you from electricity.
 A - the +5 scimitar "Filomihu" {flame, rF+ rC+}
   (You found it on level 3 of the Vaults)

   rF+:       It protects you from fire.
   rC+:       It protects you from cold.
Missiles
 h - 4 throwing nets
 k - 6 curare-tipped darts
Armour
 c - a +2 cloak of willpower (worn)
 l - the +1 robe of Vines (worn) {NoPotionHeal Regen++++, nodragon}
   (You found it on level 1 of the Lair of Beasts)

   NoPotionHeal: Its wearer cannot be healed by potions.
   Regen++++: It increases your rate of health regeneration.
 p - the +2 pair of boots of Grot {rF- rC+ Int+3}
   (You found it in a treasure trove)

   Int+3:     It affects your intelligence (+3).
   rF-:       It makes you vulnerable to fire.
   rC+:       It protects you from cold.
 q - the +2 pair of boots of Dikoecy (worn) {rCorr Dex+4}
   (You found it on level 3 of the Swamp)

   Dex+4:     It affects your dexterity (+4).
   rCorr:     It protects you from acid and corrosion.
 t - the +0 pair of gloves "Roc Fedgh" (worn) {rCorr Dex+7}
   (You found it in a treasure trove)

   Dex+7:     It affects your dexterity (+7).
   rCorr:     It protects you from acid and corrosion.
 x - a +2 helmet of intelligence (worn)
 W - a +2 hat
 X - the +0 cloak of Kaxkivif {rElec Str+5}
   (You found it on level 3 of the Elven Halls)

   Str+5:     It affects your strength (+5).
   rElec:     It insulates you from electricity.
Gizmo
 T - an experimental hydrogenerator (installed) {AutoDazzle, rF+ Will+}
   (You invented it yourself on level 4 of the Lair of Beasts)

   [experimental hydrogenerator]

   AutoDazzle: It sometimes fires a blinding ray at enemies whose attacks you
   dodge.
   rF+:       It protects you from fire.
   Will+:     It increases your willpower.
Wands
 f - a wand of digging (11)
 u - a wand of mindburst (55)
 D - a wand of polymorph (25)
 I - a wand of paralysis (62)
 N - a wand of light (57)
 R - a wand of warping (84)
Scrolls
 o - 27 scrolls of teleportation
 r - 5 scrolls of fog
 s - 12 scrolls of poison
 C - 6 scrolls of amnesia
 L - 3 scrolls of silence {!r}
 O - 4 scrolls of fear
 P - 2 scrolls of revelation
 Q - 9 scrolls of vulnerability
 S - 6 scrolls of blinking
 Y - 6 scrolls of enchant armour
Potions
 d - 9 potions of haste
 e - 4 potions of resistance
 g - 4 potions of magic
 j - 11 potions of attraction
 n - 7 potions of brilliance
 v - 3 potions of cancellation
 w - 11 potions of mutation {!q}
 z - 11 potions of heal wounds
 E - 6 potions of might
 G - 7 potions of enlightenment
 H - 4 potions of berserk rage {!q}
 M - 24 potions of curing
 U - 6 potions of ambrosia
 V - a potion of invisibility
Miscellaneous
 B - a phial of floods
 K - a lightning rod (4/4)


Message History

You climb upwards.
There is a stone staircase leading down here.
Your extra speed is starting to run out.
An Orb Guardian comes into view.
You can't go up here!
You feel yourself slow down.
There is a stone staircase leading up here.
You climb upwards.
There is a stone staircase leading down here.
There is a stone staircase leading up here.
You climb upwards.
There is a stone staircase leading down here.
A cacodemon and an orange demon come into view.
You can't go up here!
The orange demon screeches!
There is a stone staircase leading up here.
You climb upwards.
There is a stone staircase leading down here.
A cacodemon, an orange demon and a sixfirhy come into view.
You feel yourself speed up.
The orange demon screeches!
You hear a grinding noise.
You redirect the cacodemon's attack!
The cacodemon gestures at you. The bolt of devastation misses you.
Unknown command.
Unknown command.
You hear a grinding noise.
There is a stone staircase leading up here.
You climb upwards.
There is a stone staircase leading down here.
There is a stone staircase leading up here.
Okay, then.
You climb upwards.
There is a stone staircase leading down here.
Your extra speed is starting to run out.
You feel yourself slow down.
There is an open door here.
There is a staircase leading out of the dungeon here.
You have escaped!

.....# #...# #.# #.# .....#
###...### #.#####.# .....#
#.......# ##.......#
.....#####.......#####..#######
.#'#.##.............##.##
.#.#.##......-......'..# ######
.#.#.##.............#### #....##
.#.#.#####.......#### #......
...#.# #......@# ##...... ...#.#
###...### #....... ...#.# #...#
#....... .#.#.# #...# #..#....
.....########'#############.#....
...#..........%.............##.##
.......#.########.#.##########.##
...###............#.# #.##
.......#.########.#.# #.##


There were no monsters in sight!

Vanquished Creatures
  6 dread liches
  3 ancient liches
  2 orbs of fire (Zot:5)
  Mennas (Depths:4)
  A juggernaut (Depths:2)
  A Killer Klown (Zot:5)
  Margery (Crypt:2)
  A curse toe (Zot:5)
  5 golden dragons
  Jory (Crypt:3)
  Nikola (Swamp:1)
  A profane servitor (Zot:3)
  An electric golem (Zot:5)
  Mlioglotl (Spider:3)
  7 tentacled monstrosities
  2 deep elf master archers (Elf:3)
  14 Orb Guardians
  5 titans
  3 deep elf blademasters
  2 liches
  6 sphinxes
  A searing wretch (Crypt:2)
  4 quicksilver dragons
  A death cob (Zot:3)
  5 ancient champions
  An Executioner (D:13)
  10 storm dragons
  2 revenants (Crypt:3)
  5 tengu reavers
  2 thorn hunters
  9 fire giants
  A draconian knight (Zot:3)
  Roxanne (D:15)
  4 shadow dragons
  A draconian monk (Zot:3)
  7 emperor scorpions
  6 fenstrider witches
  2 ghost moths (Spider:4)
  29 vault wardens
  3 draconian shifters
  11 frost giants
  A draconian stormcaller (Zot:5)
  A curse skull (Crypt:2)
  8 deep elf sorcerers (Elf:3)
  6 deep elf elementalists
  A juggernaut zombie (Crypt:3)
  9 ghouls
  17 very ugly things
  3 spriggan defenders
  20 stone giants
  3 draconian annihilators (Depths:4)
  2 reapers
  23 ironbound preservers
  A juggernaut skeleton (Crypt:1)
  Nessos (Lair:3)
  22 vampire knights
  6 ironbound thunderhulks
  6 deep elf demonologists
  2 black draconians
  3 war gargoyles
  7 deep elf annihilators
  3 white draconians
  4 deep elf death magi
  6 eleionomae
  5 dire elephants
  8 green draconians
  5 red draconians
  3 purple draconians
  7 yellow draconians
  6 bunyips
  6 spark wasps
  A minotaur (Gauntlet)
  An eidolon (Crypt:1)
  12 ettins
  Snorg (D:12)
  9 fire dragons
  Josephine (D:15)
  2 shambling mangroves
  12 jiangshi
  A blizzard demon (Swamp:4)
  3 crystal guardians (Vaults:4)
  6 deep elf high priests
  A fire dragon (shapeshifter) (D:15)
  5 entropy weavers
  11 yaktaur captains
  10 ice dragons
  9 great orbs of eyes
  43 vault guards
  8 centaur warriors
  5 peacekeepers
  A hell beast (Swamp:4)
  Erolcha (D:13)
  8 spriggan air magi
  9 hydras
  9 alligators
  2 jorogumos
  A radroach (Spider:3)
  8 rakshasas
  4 ghost crabs
  13 ironbound frosthearts
  12 two-headed ogres
  9 ogre magi
  36 dancing weapons
  11 tengu warriors
  3 death knights
  10 boulder beetles
  3 catoblepae
  4 deep troll shamans
  13 death yaks
  An orc high priest (Elf:2)
  5 deep troll earth magi
  10 demonic crawlers
  11 vampire magi
  6 occultists
  14 hell knights
  19 spriggan berserkers
  2 storm dragon zombies (Crypt:3)
  Nergalle (D:10)
  5 soul eaters
  A sun demon (Depths:1)
  18 deep elf knights
  An iron troll (Depths:4)
  26 skeletal warriors
  A fire crab (D:14)
  The ghost of LobsterGuardian the Toxicologist, a novice CoAl of Vehumet (D:8)
  A sixfirhy (Swamp:4)
  4 pharaoh ants
  A death drake (shapeshifter) (Elf:1)
  53 deep trolls
  A bunyip zombie (Crypt:1)
  An anaconda zombie (Crypt:1)
  An iron giant zombie (Crypt:3)
  3 shadow wraiths
  5 goliath frogs
  A skyshark (Lair:5)
  6 spriggan druids
  An obsidian statue (Zot:5)
  6 orb spiders
  8 swamp dragons
  3 arcanists
  A golden dragon zombie (Crypt:3)
  A shadow demon (Depths:2)
  A shock serpent (shapeshifter) (Vaults:5)
  18 ironbound convokers
  3 flayed ghosts
  An orange crystal statue (Depths:1)
  15 deep elf archers
  7 glowing orange brains
  2 death drakes (Swamp:4)
  34 deep elf pyromancers
  4 orc knights
  Pikel (D:5)
  An anaconda skeleton (Crypt:2)
  4 lindwurms
  22 deep elf zephyrmancers
  19 phantasmal warriors
  5 thermic dynamos
  5 steelbarb worms
  2 necromancers
  12 bog bodies
  24 wolf spiders
  4 oklob plants
  4 orc sorcerers
  8 will-o-the-wisps
  Maurice (D:7)
  3 manticores
  2 stone giant zombies (Crypt:3)
  35 ugly things
  25 elephants
  13 moths of wrath
  3 black mambas
  7 cyclopes
  A centaur zombie (Crypt:3)
  6 meliai
  A formless jellyfish zombie (Crypt:1)
  A human skeleton (Vaults:1)
  6 torpor snails
  A dire elephant zombie (Crypt:3)
  A kobold blastminer (Orc:2)
  11 cane toads
  3 ice statues
  An eye of devastation (shapeshifter) (Vaults:5)
  4 orange demons (Swamp:4)
  3 smoke demons
  2 gargoyles
  17 vault sentinels
  6 rime drakes
  A black draconian skeleton (Crypt:1)
  An efreet (D:14)
  An alligator snapping turtle skeleton (Crypt:3)
  A hellion (Depths:1)
  40 yaktaurs
  7 freezing wraiths
  9 komodo dragons
  7 unseen horrors
  4 tengu conjurers
  A harpy zombie (Crypt:3)
  A tarantella (shapeshifter) (Elf:1)
  The ghost of LobsterGuardian the Sneak, an amateur MiBr (D:4)
  A purple draconian skeleton (Crypt:1)
  A green draconian skeleton (Crypt:2)
  13 trolls
  3 polar bears
  13 tyrant leeches
  Prince Ribbit (D:7)
  15 blink frogs
  A hellwing (Swamp:4)
  A polar bear (shapeshifter) (Elf:1)
  28 hornets
  Grinder (D:5)
  19 tarantellas
  A raiju (shapeshifter) (Depths:1)
  6 dream sheep (Lair:5)
  A boulder beetle zombie (Crypt:1)
  A radroach zombie (Crypt:1)
  A snapping turtle (shapeshifter) (Vaults:5)
  30 slime creatures
  A centaur simulacrum (D:11)
  26 spriggans
  3 air elementals
  22 culicivoras
  27 jumping spiders
  3 shadows
  21 vampires
  20 yaks
  A yak (shapeshifter) (Elf:1)
  8 wyverns
  A hog (shapeshifter) (D:14)
  8 water elementals
  3 fire elementals
  A human (shapeshifter) (D:14)
  43 redbacks
  4 wargs
  14 wraiths
  Grum (D:10)
  2 steam dragons (Lair:2)
  6 basilisks
  24 vampire mosquitoes
  A fire bat zombie (Crypt:3)
  20 swamp worms
  2 acid dragons
  A swamp worm (shapeshifter) (D:14)
  9 water moccasins
  A demonspawn skeleton (Crypt:2)
  A deep troll skeleton (Crypt:3)
  A two-headed ogre skeleton (Crypt:3)
  A sky beast (D:7)
  12 orc warriors
  9 ice beasts
  6 swamp drakes
  3 black bears (Lair:5)
  21 ogres
  5 laughing skulls
  25 wolves
  5 boggarts
  A tengu (shapeshifter) (D:15)
  12 centaurs
  2 phantoms
  3 lemures (D:5)
  An elf zombie (Crypt:3)
  2 kobold brigands
  A nameless horror (D:7)
  A hog skeleton (Crypt:2)
  Blork the orc (D:5)
  A rime drake skeleton (Crypt:1)
  14 bullfrogs
  2 gnoll sergeants
  4 scorpions
  2 human simulacra (Vaults:1)
  A scorpion (shapeshifter) (D:15)
  2 troll zombies (Crypt:3)
  A shapeshifter zombie (Crypt:2)
  3 killer bees
  2 electric eels
  3 howler monkeys (D:11)
  2 bombardier beetles (D:5)
  8 komodo dragon simulacra (IceCv)
  3 hounds
  A jelly (D:7)
  9 orc priests
  3 gnoll boudas
  2 sleepcaps
  Natasha (twice) (D:2)
  3 iguanas
  10 orc wizards
  A hell rat (D:8)
  A boggart simulacrum (D:14)
  Robin (D:4)
  An acid dragon simulacrum (IceCv)
  18 gnolls
  3 adders
  A swamp drake skeleton (Crypt:2)
  A shadow imp (D:6)
  17 white imps
  3 ufetubi
  A steam dragon simulacrum (IceCv)
  A jelly zombie (Crypt:2)
  A dart slug (D:4)
  2 ribbon worms (D:2)
  46 orcs
  6 ball pythons
  3 bats
  6 endoplasms
  2 giant cockroaches
  12 goblins
  5 hobgoblins
  12 kobolds
  2 quokkas
  A ball python skeleton (Crypt:2)
  A ball python zombie (Crypt:2)
  2 frilled lizards (D:1)
  A hobgoblin skeleton (Crypt:1)
  2 rats
2059 creatures vanquished.

Vanquished Creatures (collateral kills)
  A hydra (Lair:1)
  A yak (D:10)
  An ice beast (D:8)
  An ogre (D:7)
  2 killer bees (D:7)
  A lindwurm simulacrum (IceCv)
  A bombardier beetle (D:4)
  2 komodo dragon simulacra (IceCv)
  A hound (D:5)
  A jelly (D:4)
  Crazy Yiuf (D:4)
  Natasha (D:2)
  A hell rat (D:8)
  A boggart simulacrum (D:11)
  4 acid dragon simulacra (IceCv)
  4 gnolls
  2 adders (D:2)
  2 white imps
  3 steam dragon simulacra (IceCv)
  9 orcs
  3 endoplasms (D:1)
  5 hobgoblins
  3 ball pythons
  4 goblins
  4 kobolds
  A rat (D:1)
60 creatures vanquished.

Vanquished Creatures (others)
  A Killer Klown (Zot:5)
  A very ugly thing (Depths:4)
  A spark wasp (Depths:3)
  2 ettins
  A yaktaur captain (Vaults:4)
  2 hydras (Swamp:4)
  A death yak (Lair:4)
  A deep troll (Vaults:4)
  An ironbound convoker (Vaults:4)
  A cyclops (D:15)
  A black mamba (Lair:5)
  An unseen horror (Crypt:2)
  A tyrant leech (Swamp:4)
  A culicivora (Spider:4)
  A redback (Spider:3)
  A chaos spawn (Swamp:4)
  An ogre (Elf:2)
  2 centaurs (D:13)
  A white imp (D:11)
  18 foxfires
40 creatures vanquished.

Grand Total: 2159 creatures vanquished

Notes
Turn   | Place    | Note
-------+----------+-------------------------------------------
     0 | D:1      | elliptic the Coglin Summoner began the quest for the Orb.
     0 | D:1      | Reached XP level 1. HP: 13/13 MP: 3/3
   206 | D:1      | Reached skill level 1 in Fighting
   396 | D:1      | Reached XP level 2. HP: 21/21 MP: 1/4
   399 | D:1      | Learned a level 2 spell: Call Imp
   459 | D:1      | well
   892 | D:1      | Reached XP level 3. HP: 25/28 MP: 2/5
  1344 | D:2      | Reached skill level 3 in Fighting
  1528 | D:2      | Reached skill level 1 in Short Blades
  1528 | D:2      | Reached XP level 4. HP: 33/35 MP: 3/6
  1796 | D:2      | Noticed Natasha
  1802 | D:2      | Killed Natasha
  2191 | D:3      | eh
  2288 | D:3      | okay
  2293 | D:3      | Learned a level 3 spell: Call Canine Familiar
  2364 | D:3      | okay
  2429 | D:3      | Reached skill level 1 in Evocations
  2429 | D:3      | Reached XP level 5. HP: 37/41 MP: 4/7
  2846 | D:4      | Found a staircase to the Ecumenical Temple.
  2847 | D:4      | Noticed an ogre
  2848 | D:4      | uh
  2849 | D:4      | Killed an ogre
  2850 | D:4      | Reached skill level 3 in Evocations
  2850 | D:4      | Reached XP level 6. HP: 47/47 MP: 8/8
  2861 | Temple   | Entered the Ecumenical Temple
  2875 | Temple   | Became a worshipper of Ru the Awakened
  2936 | D:4      | Found Soozud's Assorted Antiques.
  2954 | D:4      | Bought a pair of glowing boots for 195 gold pieces
  3006 | D:4      | Found a stormy altar of Qazlal.
  3161 | D:4      | Identified the +8 chain mail "Vyanon" {-Tele Will- Dex+9}
  3161 | D:4      | Noticed an orc warrior
  3162 | D:4      | Found a runed translucent gate.
  3163 | D:4      | Found a runed translucent gate.
  3163 | D:4      | Noticed LobsterGuardian's ghost (amateur MiBr)
  3164 | D:4      | Found a runed translucent gate.
  3164 | D:4      | Found a roughly hewn altar of Beogh.
  3166 | D:4      | Identified the +7 whip of the Doomed Warrior {antimagic,
                  | ^Drain rN+++ Str-2 Dex+5}
  3297 | D:4      | Noticed Robin
  3317 | D:4      | Killed Robin
  3446 | D:4      | Found a runed translucent door.
  3447 | D:4      | Noticed Crazy Yiuf
  3487 | D:4      | Killed Crazy Yiuf
  3689 | D:4      | Reached XP level 7. HP: 54/54 MP: 1/10
  3866 | D:5      | Entered Level 5 of the Dungeon
  3981 | D:5      | Noticed Grinder
  4047 | D:5      | tempting but
  4047 | D:5      | probably shouldn't
  4047 | D:5      | Gained mutation: You cannot voluntarily change form. [Ru
                  | sacrifice]
  4413 | D:5      | Noticed Pikel
  4440 | D:5      | Killed Pikel
  4441 | D:5      | Reached skill level 6 in Fighting
  4441 | D:5      | Reached XP level 8. HP: 37/65 MP: 3/11
  4840 | D:5      | Noticed Blork the orc
  4845 | D:5      | Killed Blork the orc
  4871 | D:5      | Noticed a wyvern
  4879 | D:5      | Killed a wyvern
  4981 | D:5      | Paralysed by Grinder for 2 turns
  4985 | D:5      | Paralysed by Grinder for 5 turns
  4995 | D:5      | Killed Grinder
  5364 | D:6      | Reached XP level 9. HP: 72/75 MP: 9/12
  5364 | D:6      | oh I could
  5371 | D:6      | well not with ru
  5379 | D:6      | Found Elakhuun's Assorted Antiques.
  5400 | D:6      | Identified the +8 mace of the Cursing Spider {holy, Stlth+}
  5402 | D:6      | hm
  5735 | D:7      | Found a sparkling altar of Nemelex Xobeh.
  5890 | D:7      | Noticed Maurice
  5892 | D:7      | hm
  6057 | D:7      | Reached skill level 6 in Dodging
  6104 | D:7      | Noticed Prince Ribbit
  6117 | D:7      | Killed Prince Ribbit
  6118 | D:7      | Reached skill level 9 in Fighting
  6525 | D:7      | Reached skill level 6 in Evocations
  6855 | D:7      | Killed Maurice
  6856 | D:7      | Reached XP level 10. HP: 83/83 MP: 13/13
  6903 | D:7      | Found an iron altar of Okawaru.
  7219 | D:7      | Reached skill level 9 in Evocations
  7386 | D:4      | Bought a glowing cloak for 195 gold pieces
  7513 | D:2      | Noticed Natasha
  7518 | D:2      | Killed Natasha
  7648 | D:2      | Noticed Natasha
  7655 | D:2      | Killed Natasha
  7724 | D:4      | eh
  7841 | D:4      | Killed LobsterGuardian's ghost
  8085 | D:4      | Gained mutation: You cannot study or cast Air magic. [Ru
                  | sacrifice]
  8085 | D:4      | Gained mutation: You cannot study or cast Hexes magic. [Ru
                  | sacrifice]
  8085 | D:4      | Gained mutation: You cannot study or cast Necromancy magic.
                  | [Ru sacrifice]
  8085 | D:4      | Reached * piety under Ru
  8152 | D:8      | Found a runed translucent door.
  8158 | D:8      | Noticed LobsterGuardian's ghost (novice CoAl)
  8509 | D:6      | Bought a scroll of teleportation for 63 gold pieces
  8631 | D:8      | Found a staircase to the Lair.
  8636 | D:8      | Identified the +9 falchion "Conkihus" {freeze, rElec rF+
                  | Will+ Int+3}
  8638 | D:8      | okay
  8670 | D:8      | Reached skill level 1 in Long Blades
  8900 | D:8      | Reached skill level 3 in Long Blades
  9063 | D:8      | Noticed a two-headed ogre
  9090 | D:8      | Killed a two-headed ogre
  9202 | D:8      | Found an ancient bone altar of Kikubaaqudgha.
  9254 | D:8      | Found a snail-covered altar of Cheibriados.
  9270 | D:8      | Found an ornate altar of the Wu Jian Council.
  9308 | D:8      | Found a broken altar of Ashenzari.
  9456 | D:9      | Reached skill level 6 in Long Blades
  9775 | D:9      | Noticed a two-headed ogre
  9788 | D:9      | Killed a two-headed ogre
  9789 | D:9      | Reached XP level 11. HP: 89/89 MP: 3/14
 10176 | D:6      | Bought 2 scrolls of teleportation for 126 gold pieces
 10596 | D:10     | Entered Level 10 of the Dungeon
 10865 | D:10     | Reached skill level 9 in Long Blades
 10888 | D:10     | Noticed Grum
 10906 | D:10     | Killed Grum
 11288 | D:10     | Noticed Nergalle
 11315 | D:10     | meh
 11427 | D:11     | Noticed a two-headed ogre
 11427 | D:11     | Noticed a purple ugly thing
 11472 | D:11     | fine
 11472 | D:11     | Gained mutation: You cannot train Armour skill. [Ru
                  | sacrifice]
 11472 | D:11     | Reached ** piety under Ru
 11478 | D:11     | Noticed a manticore
 11486 | D:11     | Killed a manticore
 11529 | D:11     | Found Hihesch's Book Boutique.
 11608 | D:11     | Killed a purple ugly thing
 11612 | D:11     | Found a frozen archway.
 11628 | D:11     | Killed a two-headed ogre
 11668 | IceCv    | Entered an ice cave
 11669 | IceCv    | ehhh
 11826 | IceCv    | ugh
 12644 | IceCv    | Noticed an ice dragon
 12645 | IceCv    | no
 12668 | IceCv    | Reached skill level 12 in Long Blades
 12668 | IceCv    | Reached XP level 12. HP: 96/96 MP: 13/15
 13189 | D:11     | Found Etot's Jewellery Boutique.
 13320 | D:11     | Noticed a boulder beetle
 13321 | D:11     | meh
 13352 | D:11     | oh right
 13440 | Lair:1   | Entered Level 1 of the Lair of Beasts
 13499 | Lair:1   | Found a gate leading to a gauntlet.
 13506 | Gauntlet | Entered a Gauntlet
 13506 | Gauntlet | Found a transporter.
 13513 | Gauntlet | Found a transporter.
 13516 | Gauntlet | Found a transporter.
 13517 | Gauntlet | Found a transporter.
 13528 | Gauntlet | Found a transporter.
 13529 | Gauntlet | Found a transporter.
 13530 | Gauntlet | Found a transporter.
 13533 | Gauntlet | Noticed an occultist
 13538 | Gauntlet | Found a transporter.
 13540 | Gauntlet | Found a transporter.
 13541 | Gauntlet | Found a transporter.
 13547 | Gauntlet | Noticed a blizzard demon
 13549 | Gauntlet | Found a transporter.
 13552 | Gauntlet | Found a transporter.
 13553 | Gauntlet | Found a transporter.
 13557 | Gauntlet | Found a runed translucent door.
 13559 | Gauntlet | Found a runed translucent door.
 13561 | Gauntlet | Found a transporter.
 13645 | Gauntlet | meh
 13672 | Gauntlet | Noticed a minotaur
 13682 | Gauntlet | Killed a minotaur
 13695 | Gauntlet | meh
 13802 | D:4      | Bought 2 brown potions for 46 gold pieces
 13885 | Lair:1   | Noticed a six-headed hydra
 13885 | Lair:1   | Found the +1 robe of Vines {NoPotionHeal Regen++++}
 13892 | Lair:1   | Killed a six-headed hydra
 14278 | Lair:1   | Noticed a six-headed hydra
 14289 | Lair:1   | Killed a six-headed hydra
 14717 | Lair:1   | Noticed a catoblepas
 14739 | Lair:1   | Found a runed translucent door.
 14899 | Lair:1   | Killed a catoblepas
 15085 | Lair:2   | Reached XP level 13. HP: 104/104 MP: 16/16
 15200 | Lair:2   | Gained mutation: You are slightly weak-willed. (Will-) [Ru
                  | sacrifice]
 15200 | Lair:2   | Reached *** piety under Ru
 15200 | Lair:2   | Reached **** piety under Ru
 15459 | Lair:2   | Found a staircase to the Swamp.
 15573 | Lair:2   | Reached skill level 9 in Dodging
 16064 | Lair:3   | Reached skill level 12 in Fighting
 16170 | Lair:3   | Acquired the +7 scimitar "Idut" {freeze, Will+}
 16259 | Lair:3   | Noticed Nessos
 16265 | Lair:3   | Killed Nessos
 16341 | Lair:3   | Found a hole to the Spider Nest.
 16577 | Lair:3   | Learned a level 2 spell: Blink
 16742 | Lair:4   | Noticed an ice dragon
 16749 | Lair:4   | hm
 16879 | Lair:4   | Killed an ice dragon
 16994 | Lair:4   | Gained mutation: You are hated by all. [Ru sacrifice]
 16994 | Lair:4   | Reached ***** piety under Ru
 17085 | Lair:4   | Reached XP level 14. HP: 118/118 MP: 17/17
 17085 | Lair:4   | Acquired an experimental hydrogenerator {AutoDazzle, rF+
                  | Will+}
 17331 | Lair:5   | Entered Level 5 of the Lair of Beasts
 17615 | Lair:4   | Learned a level 1 spell: Apportation
 17637 | Lair:4   | what
 17637 | Lair:4   | did that get nerfed or do I just need more power
 17688 | Lair:5   | Reached skill level 1 in Translocations
 17749 | Lair:5   | Reached skill level 3 in Translocations
 17855 | Lair:5   | Reached skill level 6 in Translocations
 17887 | Lair:4   | good bug
 18503 | Lair:5   | Noticed a dire elephant
 18517 | Lair:5   | Killed a dire elephant
 18833 | D:8      | eh
 18919 | D:10     | Killed Nergalle
 18920 | D:10     | Reached skill level 12 in Dodging
 19185 | D:11     | Found Jenat's Book Boutique.
 19186 | D:11     | Gained mutation: You cannot be stealthy. [Ru sacrifice]
 19377 | D:12     | Found a staircase to the Orcish Mines.
 19544 | D:12     | Noticed Snorg
 19554 | D:12     | Killed Snorg
 19555 | D:12     | Reached XP level 15. HP: 81/127 MP: 18/18
 19724 | D:12     | Learned a level 4 spell: Manifold Assault
 19741 | Orc:1    | Entered Level 1 of the Orcish Mines
 20084 | Orc:2    | Entered Level 2 of the Orcish Mines
 20258 | Orc:2    | Reached skill level 9 in Translocations
 20272 | Orc:2    | Found a shimmering altar of Xom.
 20298 | Orc:2    | Gained mutation: You are weak. (Str -2) [Ru sacrifice]
 20298 | Orc:2    | Reached ****** piety under Ru
 20326 | Orc:2    | Found Vamiojea's Book Shoppe.
 20329 | Orc:2    | Found Ceneps's Antique Weapon Emporium.
 20334 | Orc:2    | Found Hoidocze's Antique Armour Boutique.
 20342 | Orc:2    | Found Voytoh's Armour Shoppe.
 20583 | Orc:2    | Found a staircase to the Elven Halls.
 20831 | D:11     | Bought a manual of Fighting for 1280 gold pieces
 21019 | D:13     | Noticed Erolcha
 21024 | D:13     | Reached skill level 15 in Fighting
 21032 | D:13     | Killed Erolcha
 21041 | D:13     | Gained mutation: You are robust. (+10% HP) [potion of
                  | mutation]
 21041 | D:13     | Gained mutation: You are very weak. (Str -4) [potion of
                  | mutation]
 21041 | D:13     | Gained mutation: You have hidden genetic defects. [potion
                  | of mutation]
 21041 | D:13     | Lost mutation: You have hidden genetic defects. [potion of
                  | mutation]
 21055 | D:13     | Found a gate to the Vaults.
 21393 | D:13     | Found Surra's Weapon Emporium.
 21860 | D:14     | Reached XP level 16. HP: 134/157 MP: 19/19
 21864 | D:14     | Reached skill level 18 in Fighting
 22056 | D:14     | Noticed a storm dragon
 22068 | D:14     | Killed a storm dragon
 22075 | D:14     | Identified the +4 scale mail of Mawufuth {Fly rF+ SInv}
 22578 | D:15     | Entered Level 15 of the Dungeon
 22690 | D:15     | Reached skill level 3 in Spellcasting
 22853 | D:15     | Found a staircase to the Depths.
 23123 | D:15     | Noticed Josephine
 23134 | D:15     | Killed Josephine
 23263 | D:15     | Noticed Roxanne
 23750 | D:15     | Killed Roxanne
 23899 | D:8      | Killed LobsterGuardian's ghost
 24029 | Spider:1 | Entered Level 1 of the Spider Nest
 24272 | Spider:1 | Reached XP level 17. HP: 131/165 MP: 23/23
 24703 | Spider:1 | Identified the +0 robe of Wasted Space {-Tele Regen+ SInv}
 25474 | Spider:2 | Reached skill level 15 in Dodging
 25992 | Spider:3 | Noticed Mlioglotl
 25999 | Spider:3 | Killed Mlioglotl
 26479 | Spider:4 | Entered Level 4 of the Spider Nest
 27241 | Spider:4 | Reached XP level 18. HP: 155/178 MP: 24/24
 27356 | Spider:4 | hm
 27638 | Spider:4 | Got a gossamer rune of Zot
 27837 | Swamp:1  | Entered Level 1 of the Swamp
 27870 | Swamp:1  | stop
 27995 | Swamp:1  | stop
 28041 | Swamp:1  | Noticed Nikola
 28058 | Swamp:1  | Killed Nikola
 28668 | Swamp:2  | Reached skill level 21 in Fighting
 29380 | Swamp:3  | Identified the +1 leather armour of the Saviour {Will+
                  | Str+4 Dex-2}
 29416 | Swamp:3  | Identified the +2 pair of boots of Dikoecy {rCorr Dex+4}
 29900 | Swamp:4  | Entered Level 4 of the Swamp
 30053 | Swamp:4  | Noticed a tentacled monstrosity
 30060 | Swamp:4  | Killed a tentacled monstrosity
 30082 | Swamp:4  | Reached skill level 18 in Dodging
 30239 | Swamp:4  | Reached XP level 19. HP: 188/189 MP: 25/25
 30868 | Swamp:4  | Identified the +0 spear of Wounding {heavy, Int+2}
 30875 | Swamp:4  | Identified the orb "Loydaunu" {light, Harm rF+ Dex+3}
 32203 | Swamp:4  | Got a decaying rune of Zot
 32645 | Elf:1    | Entered Level 1 of the Elven Halls
 33267 | Elf:1    | Found Vimovva's Book Shop.
 33562 | Elf:1    | Paralysed by an air elemental for 1 turns
 33996 | Elf:2    | Found Yzar's Armour Shop.
 34027 | Elf:2    | Reached XP level 20. HP: 202/202 MP: 21/26
 34104 | Elf:2    | Found a huge runed translucent gate.
 34104 | Elf:2    | Found a huge runed translucent gate.
 34104 | Elf:2    | Found a huge runed translucent gate.
 34104 | Elf:2    | Found a huge runed translucent gate.
 34108 | Elf:2    | Found a huge runed translucent gate.
 35015 | Elf:3    | Entered Level 3 of the Elven Halls
 35348 | Elf:3    | Found a portal to a secret trove of treasure.
 35380 | Elf:3    | nice
 35553 | D:11     | Bought a +4 ring of slaying for 1092 gold pieces
 35553 | D:11     | sad I didn't find one on grounf
 35553 | D:11     | d
 35720 | Elf:3    | You paid a toll of a +4 ring of slaying to enter a treasure
                  | trove
 35721 | Trove    | Entered a treasure trove
 35725 | Trove    | Identified the +0 pair of gloves "Roc Fedgh" {rCorr Dex+7}
 35753 | Trove    | Identified the +2 orcbow of Ru's Felicitations {flame, rC+
                  | MP-9 SInv}
 35774 | Trove    | Found the +8 demon blade "Leech" {evervamp, Harm ^Drain
                  | rN+}
 35775 | Trove    | Identified the +1 ring mail of Curiosity {Harm Fly Int+5
                  | Dex-4}
 35784 | Trove    | Identified the +2 pair of boots of Grot {rF- rC+ Int+3}
 35787 | Trove    | Identified the +0 helmet of Qez Ozit {Int+5 Stlth+}
 35795 | Trove    | nice
 36210 | Elf:3    | oh no dig?
 36210 | Elf:3    | I'll wait I guess
 36422 | Vaults:1 | Entered Level 1 of the Vaults
 36794 | Vaults:1 | Identified the +2 falchion of Kusmot {freeze, Int+4}
 37229 | Vaults:1 | Reached skill level 24 in Fighting
 37701 | Vaults:2 | Reached XP level 21. HP: 209/210 MP: 8/27
 38668 | Vaults:3 | Identified the +5 scimitar "Filomihu" {flame, rF+ rC+}
 38735 | Vaults:3 | Reached skill level 21 in Dodging
 38987 | Vaults:3 | Found a transporter.
 39010 | Vaults:3 | Found a transporter.
 39064 | Vaults:3 | well
 39162 | Vaults:3 | sigh
 39237 | Vaults:3 | oops
 39395 | Vaults:3 | Found a staircase to the Crypt.
 39999 | Vaults:3 | Identified the +2 orcbow "Giantslayer" {drain, rF- MP+9
                  | Int+6}
 40002 | Vaults:3 | Identified the ring "Ammuepri" {Fly Int+5}
 40024 | Vaults:3 | Acquired a +3 demon blade of draining
 40366 | Vaults:4 | Found Pifiof's Assorted Antiques.
 40371 | Vaults:4 | Bought a scroll of teleportation for 129 gold pieces
 40540 | Vaults:4 | Reached XP level 22. HP: 226/226 MP: 28/28
 40990 | Vaults:4 | Identified the +7 halberd "Bad Gige" {flame, rElec Int+3}
 41019 | Vaults:4 | eh
 41793 | Elf:3    | Identified the ring "Muoda" {+Blink rF+ Int+6}
 41890 | Elf:3    | Identified the amulet of Osiwan {Acrobat rF+ rCorr}
 42129 | Elf:3    | Identified the ring "Lucupt" {Fly rF+ MP+9}
 42186 | Elf:3    | Identified the +0 cloak of Kaxkivif {rElec Str+5}
 42189 | Elf:3    | Identified the +0 fire dragon scales of Guih Dee {rElec
                  | rF++ rC- rCorr Stlth+}
 42289 | Elf:3    | Got the Incunabulum of the Geodesic and Wounds
 42773 | Lair:5   | Found a staircase to the Slime Pits.
 43118 | Crypt:1  | Entered Level 1 of the Crypt
 44272 | Crypt:2  | Reached XP level 23. HP: 205/217 MP: 20/29
 44663 | Crypt:2  | Noticed Margery
 44676 | Crypt:2  | Killed Margery
 45080 | Crypt:2  | Identified the +2 hand axe "Upilydag" {venom, rC+ Int+7
                  | Dex-4}
 45131 | Crypt:3  | Entered Level 3 of the Crypt
 45649 | Crypt:3  | Found a staircase to the Tomb.
 45998 | Crypt:3  | Reached skill level 27 in Fighting
 46182 | Crypt:3  | Identified the amulet "Sucvan" {Harm rPois Will+ Regen+}
 46593 | Crypt:3  | Reached skill level 24 in Dodging
 46749 | Crypt:3  | Identified the staff of Dismemberment {Str-2 SInv Stlth+
                  | Conj}
 46972 | Crypt:3  | Noticed Jory
 46974 | Crypt:3  | Killed Jory
 47040 | Crypt:3  | Identified the +8 eveningstar of Pandemonium {spect, Will+}
 47310 | Depths:1 | Entered Level 1 of the Depths
 47420 | Depths:1 | Found Acapn's Distillery.
 47422 | Depths:1 | Found Buocyxo's Weapon Boutique.
 47422 | Depths:1 | Found Figenaonn's Weapon Shop.
 47427 | Depths:1 | Found Deisef's Antique Armour Boutique.
 47514 | Depths:1 | Identified the +1 cloak of Ywnas {*Slow +Inv Will+}
 48111 | Depths:1 | Found a gateway to Hell.
 48230 | Depths:2 | Noticed a juggernaut
 48239 | Depths:2 | Killed a juggernaut
 48372 | Depths:2 | Found a snail-covered altar of Cheibriados.
 48429 | Depths:2 | Reached XP level 24. HP: 249/249 MP: 29/29
 49064 | Depths:2 | Found a one-way gate to the infinite horrors of the Abyss.
 49402 | Depths:2 | Found a bloodstained altar of Trog.
 49835 | Depths:2 | Found a one-way gate leading to the halls of Pandemonium.
 50486 | Depths:3 | Found a one-way gateway to a ziggurat.
 50766 | Depths:4 | Entered Level 4 of the Depths
 51032 | Depths:4 | Reached skill level 27 in Dodging
 51096 | Depths:4 | Reached XP level 25. HP: 257/257 MP: 25/29
 51219 | Depths:4 | Identified the +13 tower shield of the Fletcher {Str+4
                  | Int+5 Stlth-}
 51219 | Depths:4 | Noticed Mennas
 51237 | Depths:4 | Killed Mennas
 51238 | Depths:4 | Reached skill level 12 in Translocations
 51320 | Depths:4 | Identified the +5 scimitar of Tulaczez {speed, Will+ Dex+3}
 51494 | Depths:4 | Found a runed translucent door.
 51501 | Depths:4 | Found a runed translucent door.
 51581 | Depths:4 | Found a runed translucent door.
 51591 | Depths:4 | Found a runed translucent door.
 51699 | Depths:4 | Reached skill level 15 in Translocations
 51699 | Depths:4 | Found a runed translucent door.
 51774 | Depths:4 | Found a gate to the Realm of Zot.
 51797 | Depths:4 | Found a runed translucent door.
 51899 | Depths:4 | Identified the +1 robe of the Mpinguari {rF+ Will+}
 52203 | Depths:1 | Bought a spiked ring mail for 234 gold pieces
 52203 | Depths:1 | Identified the +1 ring mail of the Good {Fly rCorr Slay+3}
                  | (You bought it in a shop on level 1 of the Depths)
 52389 | Vaults:5 | Entered Level 5 of the Vaults
 52510 | Vaults:5 | Learned a level 6 spell: Dispersal
 52855 | Vaults:5 | Noticed a dread lich
 52870 | Vaults:5 | Killed a dread lich
 52952 | Vaults:5 | Reached skill level 15 in Long Blades
 53193 | Vaults:5 | Identified the +8 scimitar "Bint" {freeze, rElec rF++}
 53234 | Vaults:5 | Identified the +1 quarterstaff "Kahegh" {elec, rPois Will+
                  | Dex-4 Stlth+}
 53302 | Vaults:5 | Noticed a dread lich
 53310 | Vaults:5 | Killed a dread lich
 53358 | Vaults:5 | Got a silver rune of Zot
 53373 | Vaults:5 | Got the Atlas of the Unholy Pyromaniac
 53429 | Vaults:5 | Reached XP level 26. HP: 266/266 MP: 26/30
 53455 | Vaults:5 | Noticed an ancient lich
 53463 | Vaults:5 | Killed an ancient lich
 54150 | Vaults:5 | Identified the +0 robe of Polish {Will+ Str+4}
 54360 | Vaults:5 | Got the Directory of the Volcano and Refrigeration
 54484 | Vaults:4 | Bought a scroll of revelation for 322 gold pieces
 54484 | Vaults:4 | Bought a potion of curing for 129 gold pieces
 54741 | D:6      | Bought a scroll of revelation for 157 gold pieces
 54741 | D:6      | Bought a scroll of revelation for 157 gold pieces
 54788 | D:4      | Bought 2 potions of enlightenment for 260 gold pieces
 55000 | Orc:2    | Bought a +1 pair of gloves of strength for 214 gold pieces
 55113 | Elf:2    | Bought a +1 helmet of intelligence for 165 gold pieces
 55334 | Depths:1 | Bought a scorched chain mail for 247 gold pieces
 55334 | Depths:1 | Identified the +1 chain mail "Juirruj" {Harm Rampage Regen+
                  | MP-9} (You bought it in a shop on level 1 of the Depths)
 55341 | Depths:1 | Bought a potion of curing for 39 gold pieces
 55341 | Depths:1 | Bought a potion of berserk rage for 65 gold pieces
 55341 | Depths:1 | Bought a potion of magic for 104 gold pieces
 55341 | Depths:1 | Bought a potion of curing for 39 gold pieces
 55341 | Depths:1 | Bought 2 potions of curing for 78 gold pieces
 55341 | Depths:1 | Bought a potion of haste for 130 gold pieces
 55341 | Depths:1 | Bought a potion of mutation for 104 gold pieces
 55464 | Zot:1    | Entered Level 1 of the Realm of Zot
 55699 | Zot:3    | Reached skill level 18 in Long Blades
 55923 | Zot:5    | Entered Level 5 of the Realm of Zot
 56581 | Zot:5    | Noticed a dread lich
 56590 | Zot:5    | Killed a dread lich
 56605 | Zot:5    | Noticed an orb of fire
 56609 | Zot:5    | Noticed a dread lich
 56610 | Zot:5    | Noticed a Killer Klown
 56620 | Zot:5    | Killed an orb of fire
 56629 | Zot:5    | Killed a dread lich
 56639 | Zot:5    | Killed a Killer Klown
 56640 | Zot:5    | Noticed an electric golem
 56754 | Zot:5    | Noticed an orb of fire
 56762 | Zot:5    | Killed an orb of fire
 56774 | Zot:5    | Noticed a dread lich
 56776 | Zot:5    | Killed a dread lich
 56777 | Zot:5    | Noticed an ancient lich
 56780 | Zot:5    | Killed an ancient lich
 56782 | Zot:5    | Noticed a Killer Klown
 56782 | Zot:5    | Noticed a dread lich
 56785 | Zot:5    | Noticed an ancient lich
 56785 | Zot:5    | Killed a Killer Klown
 56787 | Zot:5    | Killed a dread lich
 56788 | Zot:5    | Killed an electric golem
 56788 | Zot:5    | Killed an ancient lich
 56804 | Zot:5    | Reached skill level 21 in Long Blades
 56819 | Zot:5    | Got the Orb of Zot
 56831 | Zot:5    | Noticed an ancient lich
 57153 | D:13     | Reached XP level 27. HP: 273/273 MP: 30/30
 57367 | D:$      | Escaped with the Orb!

Levels and vault maps discovered:
D:1:      minmay_arrival_cross, layout_basic
D:2:      layout_basic, bh_walls_and_bars, uniq_natasha
D:3:      layout_basic, serial_bayou_ford_a
D:4:      layout_layer_cave, kennysheep_mini, temple_fountains, serial_shops,
          nicolae_shop_crystal, biasface_ghost_orc_armoury, skrybe_limestone_x,
          uniq_crazy_yiuf_cottage, uniq_robin
D:5:      layout_cave_pods, uniq_pikel, uniq_blork_the_orc, uniq_grinder
D:6:      layout_rooms, serial_shops,
          nicolae_shop_temple_entry_statues_fountains
D:7:      minmay_inner_zag, layout_loops_cross,
          mainiacjoe_overflow_tiny_flanked,
          mainiacjoe_overflow_concentric_impassable, uniq_maurice,
          uniq_prince_ribbit1
D:8:      layout_gridville, nicolae_overflow_quartered_altars,
          dpeg_lair_monsters, gammafunk_ghost_grave
D:9:      layout_roguey
D:10:     layout_roguey, uniq_grum, uniq_nergalle
D:11:     layout_roguey, serial_shops, shop, nicolae_diamond_shop, shop,
          serial_ice, serial_ice_g, serial_ice_m, serial_ice_b, serial_ice_d,
          portal_ice_cave_entry_imps
D:12:     layout_cave_pools, uniq_snorg
D:13:     layout_gridville, lightli_vaults_fourway_checkpoint, serial_shops,
          shop, uniq_erolcha
D:14:     evilmike_diamond_1, layout_small_grid
D:15:     gammafunk_enter_depths_forms, layout_basic, uniq_josephine,
          uniq_roxanne
Temple:   nicolae_temple_bog_church
Lair:1:   gammafunk_lair_enchanted_lake, layout_loops_ring,
          gauntlet_entry_generic, hellmonk_guarded_unrand_vines
Lair:2:   layout_long_grid, swamp_mist_pool
Lair:3:   layout_long_grid, hellmonk_spider_entry_life_and_decay, uniq_nessos
Lair:4:   layout_loops_ring, ice2_lemuel
Lair:5:   grunt_lair_end_beastmaster, layout_misc_corridors,
          minmay_slime_entry_oklob_enclosed
Swamp:1:  layout_basic_swamp, nicolae_swamp_godswood, swamp_pool_1_2,
          uniq_nikola
Swamp:2:  layout_basic_swamp, hangedman_swamp_lotus, swamp_pool_3
Swamp:3:  layout_falls_marsh, infiniplex_staircase_pool_2
Swamp:4:  nzn_swamp_witches_coven, layout_basic_swamp, swamp_pool_4,
          hangedman_swamp_dais
Spider:1: layout_chambers, einodemon_crawler_minivault
Spider:2: layout_spider_delve
Spider:3: layout_spider_delve, uniq_mlioglotl
Spider:4: grunt_spider_rune_circles
Orc:1:    layout_diamond_mine
Orc:2:    st_orc_open, layout_diamond_mine, basic_altar
Elf:1:    eino_elf_arrival_the_gate, layout_geoelf_diagonals, serial_shops,
          nicolae_shop_hallway_plus, kilobyte_rumbling_trees,
          nicolae_elf_glassroom_feature
Elf:2:    elven_hall_of_blades_hangedman_alternative
          [mumra_blade_entry_bloodbath], layout_loops_cross, serial_shops, shop,
          feat_on_display
Elf:3:    minmay_elf_hall_dome, layout_geoelf_octagon, enter_trove_1,
          grunt_megastairs_3
Vaults:1: nicolae_vaults_apartment_1, nicolae_vaults_doubleplus_tesselated,
          nicolae_vaults_big_ls, v_pattern_2, hangedman_vaults_impose,
          nicolae_vaults_diamond_2, nicolae_vaults_network_barrier,
          nicolae_vaults_turnstiles, hangedman_vaults_variations,
          nicolae_vaults_house_3, nicolae_vaults_diamond_1,
          layout_vaults_omnicross
Vaults:2: vaults_standard_mumra_lines, v_misc_25,
          nicolae_vaults_little_squares_6, nicolae_vaults_trapezoid_lopsided_2,
          nicolae_vaults_ring_of_whatevers, nicolae_vaults_house_3,
          nicolae_vaults_double_plus_1, v_misc_17, nicolae_vaults_house_2,
          layout_vaults_omnigrid
Vaults:3: minmay_crypt_entry_simple_box, gammafunk_the_bubble
          [the_bubble_gammafunk_plus_minus], nicolae_vaults_trapezoid_layered,
          nicolae_vaults_oval_intersection, nicolae_vaults_trapezoid_lopsided_3,
          nicolae_vaults_asterisk, grunt_vaults_diagonal,
          nicolae_vaults_house_2, nicolae_vaults_layer_cake_slice,
          nicolae_vaults_oval_intersection, layout_vaults_chaotic_city
Vaults:4: grunt_vaults_funnel, nicolae_vaults_mitosis, v_misc_10,
          vaults_room_glass_cross, nicolae_vaults_yaktaur_gun_rack,
          nicolae_vaults_diagonal_hallway_7, nicolae_vaults_oval_intersection,
          v_alt_pattern_3, dpeg_vaults_monster_box, hangedman_vaults_capsules,
          layout_vaults_maze_snakey, serial_shops, nicolae_shop_rolling_square
Vaults:5
Crypt:1:  layout_gridlike, grunt_crypt_arrival_webbed, grunt_megastairs_5
Crypt:2:  layout_catacombs, minivault_5, due_unseen_surprise, uniq_margery
Crypt:3:  due_elkab, layout_chaotic_city
Depths:1: layout_cave_shapes, hellmouth_1, chequers_jeans, minivault_16,
          nicolae_concentric_dashed_squares_wild, minmay_shoptagon
Depths:2: minmay_the_grid_octo_2x2 [minmay_the_grid_octo_clover,
          minmay_the_grid_octo_focus, minmay_the_grid_octo_checkered,
          minmay_the_grid_octo_prize_single_spiral], layout_gridlike,
          nicolae_abyss_entry_one_way_or_another, cheibriados_altar_1,
          grunt_pan_entry_in_and_out, hell_entry, evilmike_spriggan_trog_shrine
Depths:3: kennysheep_room_grid, layout_gridlike, enter_ziggurat_c, abyss_entry,
          pan_entry, serial_sigils_hangedman_gut, serial_rivers,
          chequers_serial_rivers_room_a, chequers_serial_rivers_small_b,
          chequers_serial_rivers_marsh, chequers_serial_rivers_marsh,
          chequers_serial_rivers_small_a, chequers_serial_rivers_small_a,
          hell_entry, kennysheep_small_spiral
Depths:4: evilmike_zot_entry_castle, layout_basic, wad_floor_pattern_untrapped,
          hell_entry, nicolae_danse_macabre, uniq_mennas
Zot:1:    layout_concentric_octagons, hellmonk_ghost_happy_afterlife
Zot:2:    gammafunk_its_a_trap, layout_basic, regret_index_zotdec_demonic_mixed
Zot:3:    layout_concentric_octagons, regret_index_zotdec_misc_clamp,
          st_stairs_3, grunt_megastairs_4
Zot:4:    layout_gridlike, uniq_grunn
Zot:5:    layout_twisted_circle, grunt_ministairs_4

Action                     |  1- 3 |  4- 6 |  7- 9 | 10-12 | 13-15 | 16-18 | 19-21 | 22-24 | 25-27 || total
---------------------------+-------+-------+-------+-------+-------+-------+-------+-------+-------++-------
  Melee: Dagger            |    35 |       |       |       |       |       |       |       |       ||    35
         Unarmed           |     2 |       |       |       |       |       |       |       |       ||     2
         Short sword       |    63 |    72 |    50 |       |       |       |       |       |       ||   185
         Spear             |       |    31 |   168 |    88 |       |       |       |       |       ||   287
         Mace              |       |       |    59 |    45 |       |       |       |       |       ||   104
         Falchion          |       |       |       |   309 |   743 |   709 |   273 |       |       ||  2034
         Long sword        |       |       |       |   284 |   152 |       |       |       |       ||   436
         Scimitar          |       |       |       |       |   599 |  1260 |  1040 |   994 |   580 ||  4473
         Demon blade       |       |       |       |       |       |       |   411 |   979 |   586 ||  1976
  Throw: Dart              |       |       |       |     2 |     1 |     1 |       |       |       ||     4
   Cast: Summon Small Mamm |    13 |       |       |    53 |       |       |       |       |       ||    66
         Call Imp          |    17 |    15 |    24 |    48 |       |       |       |       |       ||   104
         Call Canine Famil |       |     8 |    35 |    54 |       |       |       |       |       ||    97
         Apportation       |       |       |       |       |    16 |       |       |       |     3 ||    19
         Manifold Assault  |       |       |       |       |       |    43 |   155 |   234 |    99 ||   531
 Invoke: Sacrifice Forms   |       |       |     1 |       |       |       |       |       |       ||     1
         Sacrifice Arcana  |       |       |       |     1 |       |       |       |       |       ||     1
         Sacrifice Durabil |       |       |       |     1 |       |       |       |       |       ||     1
         Sacrifice Essence |       |       |       |       |     1 |       |       |       |       ||     1
         Sacrifice Love    |       |       |       |       |     1 |       |       |       |       ||     1
         Sacrifice Stealth |       |       |       |       |     1 |       |       |       |       ||     1
         Sacrifice Purity  |       |       |       |       |     1 |       |       |       |       ||     1
         Apocalypse        |       |       |       |       |       |     6 |     3 |     2 |     1 ||    12
Ability: Invent Gizmo      |       |       |       |       |     1 |       |       |       |       ||     1
  Evoke: Wand              |       |     3 |     5 |    25 |     4 |     8 |     1 |     1 |     2 ||    49
         Phial of floods   |       |       |       |     2 |       |     1 |       |       |       ||     3
         Sack of spiders   |       |       |       |     1 |       |       |       |       |       ||     1
         Phantom mirror    |       |       |       |     1 |       |       |       |       |       ||     1
         Lightning rod     |       |       |       |       |     6 |     6 |       |       |       ||    12
    Use: Scroll            |     1 |     3 |     3 |    19 |    12 |     2 |     4 |     1 |    12 ||    57
         Potion            |       |       |       |     4 |     1 |     1 |       |       |    14 ||    20
   Stab: Sleeping          |       |     4 |     1 |     1 |     4 |       |       |       |       ||    10
         Distracted        |       |       |     4 |     7 |     8 |     5 |    10 |     5 |     5 ||    44
         Paralysed         |       |       |    13 |    20 |    15 |    18 |     2 |     4 |     2 ||    74
         Invisible         |       |       |       |       |    12 |    43 |    16 |    17 |    13 ||   101
         Confused          |       |       |       |       |       |       |       |     1 |       ||     1
 Armour: Robe              |     9 |       |       |    37 |   272 |   422 |   179 |   119 |    95 ||  1133
         Ring mail         |    21 |     8 |       |       |     4 |       |       |       |       ||    33
         Leather armour    |       |    17 |    58 |   155 |       |       |       |       |       ||   230
  Dodge: Dodged            |    34 |    17 |    97 |   202 |   401 |   719 |   562 |   601 |   331 ||  2964
